 Dungeon Crawl Stone Soup version 0.20.2-3-g29329e0561 (webtiles) character file.

154 Alfie the Shield-Bearer (level 5, -2/46 HPs)
             Began as a Hill Orc Fighter on Oct 17, 2023.
             Slain by a goblin (5 damage)
             ... led by Robin
             ... on level 3 of the Dungeon.
             The game lasted 00:04:07 (1229 turns).

Alfie the Shield-Bearer (Hill Orc Fighter)          Turns: 1229, Time: 00:04:07

Health: -2/46      AC:  8    Str: 20    XL:     5   Next: 35%
Magic:  5/5        EV:  7    Int:  8    God:
Gold:   70         SH: 10    Dex: 10    Spells: 4/4 levels left

rFire    . . .     SeeInvis .   a - +0 rapier
rCold    . . .     Gourm    .   c - +1 shield
rNeg     . . .     Faith    .   b - +1 scale mail
rPois    .         Spirit   .   (no helmet)
rElec    .         Reflect  .   (no cloak)
rCorr    .         Harm     .   (no gloves)
MR       .....                  (no boots)
Stlth    ..........             (no amulet)
Regen    0.2/turn               (no ring)
MPRegen  0.1/turn               (no ring)

@: lethally poisoned (-2 -> -12)
A: no striking features
a: no special abilities


You were on level 3 of the Dungeon.
You were hungry.

You visited 1 branch of the dungeon, and saw 3 of its levels.

You collected 70 gold pieces.

Inventory:

Hand Weapons
 a - a +0 rapier (weapon)
Armour
 b - a +1 scale mail (worn)
 c - a +1 shield (worn)
Scrolls
 j - a scroll of remove curse {unknown}
 k - a scroll of fear {unknown}
 l - a scroll of fog {unknown}
 o - 2 scrolls of enchant weapon {unknown}
 p - a scroll of recharging
 q - 2 scrolls of identify {unknown}
 t - a scroll of immolation {unknown}
Potions
 d - 2 potions of might
 e - a potion of agility
 h - a potion of cancellation
 i - a potion of resistance {unknown}
 m - a potion of brilliance {unknown}
 n - a potion of lignification {unknown}
Books
 s - a book of Changes

   Spells                             Type                      Level
   a - Beastly Appendage              Transmutation                1
   b - Sticks to Snakes               Transmutation                2
   c - Spider Form                    Transmutation/Poison         3
   d - Ice Form                       Ice/Transmutation            4
   e - Blade Hands                    Transmutation                5
Comestibles
 f - 2 bread rations
 g - 5 fruits


   Skills:
 + Level 4.2 Fighting
 + Level 3.2 Short Blades
 + Level 4.0 Armour
 + Level 0.4 Dodging
 + Level 4.7 Shields


You had 4 spell levels left.
You didn't know any spells.

Dungeon Overview and Level Annotations

Branches:
Dungeon (3/15)

Altars:

Annotations:
D:3 Robin


Message History

You feel sick.
You closely miss the goblin. You block the goblin's attack.
Robin throws the goblin at you!
You feel sick. Robin barely misses you.
You barely miss Robin.
Robin is heavily wounded.
The goblin barely misses you.
Robin says, "Kneel, worm!"
You block Robin's attack. The goblin hits you but does no damage.
You hit Robin.
Robin is heavily wounded.
You feel sick. Robin hits you with a mace of venom.
* * * LOW HITPOINT WARNING * * *
You are lethally poisoned!
You block the goblin's attack.
You hit Robin.
Robin is heavily wounded.
* * * LOW HITPOINT WARNING * * *
You feel sick. The goblin hits you.
You die...

.................
#.....##.........
#.....#...gg..... #
#.....#.#..g..... ###.
#####.#...?..$... #....####
#............ #
#....#####.......... #.#
####.##.......[?....
###...####.g@g()..##.......##
.......<)..#########"......#
.(....###### ######### .....
.... ###


You could see Robin and a goblin.

Vanquished Creatures
  An orc wizard (D:3)
  An orc priest (D:2)
  An adder (D:2)
  A worm (D:2)
  4 dart slugs
  3 leopard geckos
  2 orcs (D:3)
  2 bats
  3 giant cockroaches (D:1)
  13 hobgoblins
  6 jackals
  5 kobolds
  2 quokkas
  4 frilled lizards
  12 goblins
  2 rats (D:1)
62 creatures vanquished.

Notes
Turn   | Place    | Note
-------+----------+-------------------------------------------
     0 | D:1      | Alfie the Hill Orc Fighter began the quest for the Orb.
     0 | D:1      | Reached XP level 1. HP: 19/19 MP: 1/1
    66 | D:1      | Reached XP level 2. HP: 27/27 MP: 2/2
   215 | D:1      | Reached XP level 3. HP: 25/33 MP: 3/3
   802 | D:2      | Reached XP level 4. HP: 22/40 MP: 4/4
  1172 | D:3      | Reached XP level 5. HP: 25/46 MP: 5/5
  1181 | D:3      | Noticed Robin
  1229 | D:3      | Slain by a goblin

Skill      XL: |  1  2  3  4 |
---------------+-------------+-----
Shields        | 4 |  4.7
Fighting       | 4 |  4.2
Short Blades   | 3 |  3.2
Armour         | 4 |  4.0
Dodging        | |  0.4

Action                   |  1- 3 |  4- 6 || total
-------------------------+-------+-------++-------
Melee: Rapier            |   129 |    89 ||   218
  Use: Scroll            |     4 |       ||     4
       Potion            |       |     3 ||     3
  Eat: Fruit             |       |     1 ||     1
Armor: Scale mail        |    47 |    43 ||    90
Dodge: Dodged            |    38 |    31 ||    69
Block: Shield            |    76 |    54 ||   130
